[Event "VII Totalizator Sportowy 2022"]
[Site "Bydgoszcz"]
[Date "2022.06.27"]
[Round "3.1"]
[White "Kosakowski, Jakub"]
[Black "Heberla, Bartlomiej"]
[Result "1/2-1/2"]
[ECO "C78"]
[WhiteElo "2435"]
[BlackElo "2576"]
[Annotator "TA"]
[PlyCount "85"]
[EventDate "2022.06.25"]
[EventType "swiss"]
[EventCountry "POL"]
[SourceTitle "playchess.com"]
[Source "ChessBase"]
[SourceQuality "1"]
[TimeControl "40/5400+30:1800+30"]

1. e4 e5 2. Nf3 Nc6 3. Bb5 a6 4. Ba4 Nf6 5. O-O b5 6. Bb3 Bc5 7. a4 Bb7 8. c3 d6 9. d4 Bb6 10. Re1 O-O 11. Bg5 h6 12. Bh4 exd4 {[%emt 0:00:14] C78: Ruy Lopez: Archangelsk and Möller Defences.} 13. cxd4 g5 {[%emt 0:00:04] [#]} 14. Nxg5 {[%emt 0:00:13] is now debated instead of 14.Bg3.} hxg5 15. Bxg5 {[%emt 0:00:08] Black must now prevent Bd5.} Nxd4 16. Bd5 Ne6 $1 17. Bh4 $1 Bxd5 18. exd5 Ng7 {[%emt 0:00:03] And now ...Re8 would win.} 19. Qf3 Re8 20. Nc3 {[%emt 0:00:12] [#]} Bd4 $146 (20... Rxe1+ $11 21. Rxe1 Bd4) ({Predecessor:} 20... Rxe1+ 21. Rxe1 Bd4 22. Ne4 Nge8 23. h3 Rb8 24. Nxf6+ Bxf6 25. Rxe8+ Qxe8 26. Bxf6 Qe1+ {½-½ (32) Huschenbeth,N (2624)-Shankland,S (2705) Douglas 2019}) 21. Ne4 $1 $16 Rxe4 22. Rxe4 {[%emt 0:00:11][%mdl 64] Pin} Bxf2+ 23. Kxf2 Nxe4+ 24. Qxe4 Qd7 25. Bf6 Re8 26. Qf3 {[%emt 0:01:19] White is more active.} Qf5 27. axb5 (27. Qxf5 $16 Nxf5 28. Kf3) 27... axb5 (27... Qc2+ $1 $14 28. Kg1 axb5) 28. Rc1 ({Better is} 28. Qxf5 $16 {White wants to mate with Qg5.} Nxf5 29. Kf3) 28... Qg6 $14 29. Rxc7 Qb1 {[%emt 0:05:59] [#]} (29... Nf5 $14 30. Bc3 Kf8) 30. Bc3 {[%emt 0:06:03] The board is on fire.} (30. Be5 $142 $1 Qg6 31. Bxd6 $1 ) 30... Nf5 $16 31. Qg4+ Kf8 {[%emt 0:00:08] [#]} 32. Rxf7+ Kxf7 $11 {[%emt 0:00:05] The position is equal.} 33. Qh5+ Kf8 {[%emt 0:02:34] aiming for ...Qc2+.} 34. Qh8+ Kf7 (34... Ke7 $5 35. Qh7+ Kf8 36. Qh8+ (36. Bg7+ Kf7 $11) 36... Kf7 37. Qh7+ (37. Qf6+ Kg8 $11) 37... Kf8 38. Qh8+ $11 (38. Bg7+ Kf7 $11)) 35. Qf6+ Kg8 36. Qg6+ Kf8 37. Qf6+ Kg8 38. Qg6+ Kf8 39. Bg7+ Ke7 {[%emt 0:00:02] ( -> ...Qc2+)} 40. Qe6+ $1 Kd8 41. Bf6+ Re7 42. Bxe7+ Nxe7 43. Qxd6+ {[%emt 0:00:13] Weighted Error Value: White=0.13 (very precise) /Black=0.16 (very precise)} 1/2-1/2

[Event "VII Totalizator Sportowy 2022"]
[Site "Bydgoszcz"]
[Date "2022.06.27"]
[Round "3.2"]
[White "Krasenkow, Michal"]
[Black "Jakubowski, Krzysztof"]
[Result "1/2-1/2"]
[ECO "E15"]
[WhiteElo "2576"]
[BlackElo "2475"]
[Annotator "TA"]
[PlyCount "99"]
[EventDate "2022.06.25"]
[EventType "swiss"]
[EventCountry "POL"]
[SourceTitle "playchess.com"]
[Source "ChessBase"]
[SourceQuality "1"]
[TimeControl "40/5400+30:1800+30"]

1. d4 Nf6 2. c4 e6 3. Nf3 b6 4. g3 Ba6 5. Nbd2 Be7 6. e4 {[%emt 0:01:25][%cal Be2e4,Be4e5][%mdl 32] E15: Queen's Indian: 4 g3 sidelines, 4 g3 Ba6 and 4 g3 Bb7 early deviations.} O-O {[%emt 0:00:49] [#]} 7. e5 $146 ({Predecessor:} 7. Bg2 Bb7 8. e5 Ne8 9. O-O c5 10. Qe2 d5 11. Rd1 Nc7 12. b3 a5 13. a4 {½-½ (22) Farnik,K (2111)-Perikov,Y (2171) FICGS email 2019}) 7... Ne8 8. Bg2 d5 9. Qc2 c5 10. O-O Nc7 11. dxc5 bxc5 12. Rd1 Nc6 13. a3 Rb8 {[%emt 0:04:49] Inhibits b4.} 14. b3 (14. b4 {feels hotter.} cxb4 15. cxd5 Qxd5 16. Ng5) 14... Qc8 15. Nf1 Qb7 16. Rd3 Na5 17. Ne3 f5 ({Don't do} 17... Nxb3 18. Rb1 $16) 18. Bd2 Nxb3 19. Rb1 Bxc4 (19... dxc4 $17 20. Rd7 Bd8) 20. Nxc4 $14 dxc4 21. Qxc4 Nxd2 22. Nxd2 Qc8 23. Rxb8 {[%emt 0:01:58] White is much more active.} Qxb8 24. Rd7 Rf7 {[%emt 0:00:41] [#]} 25. Rxc7 $1 {[%emt 0:18:50][%mdl 64] Remove Defender} Qxc7 26. Qxe6 Kf8 27. Bd5 $40 {[%emt 0:02:34][%csl Gd5][%cal Re6f7][%mdl 128] White wants a kill.} Bd8 28. Nc4 (28. Nb3 $16) 28... Qd7 $11 29. Qxf7+ Qxf7 30. Bxf7 Kxf7 {[%emt 0:00:04][%mdl 4096] Endgame KB-KN} 31. Kf1 Ke6 32. Ke2 g5 33. f4 g4 $2 {[%emt 0:01:07] [#]} (33... Be7 $11 {and Black is okay.}) 34. Kd3 (34. Nd6 $1 $18) 34... h5 $2 {[%emt 0:00:33] [#]} (34... Be7 $1 $14) 35. Ne3 $2 (35. Nd6 $1 $18) 35... Ba5 $14 36. Kc4 Be1 $1 37. Nd1 $2 ({Reject} 37. Kxc5 Bf2 38. Kd4 Bg1 $15) (37. Nd5 $11) 37... h4 $19 38. gxh4 Bxh4 $2 ({Better is} 38... Bd2 $19 39. Nf2 Bxf4) 39. Nb2 {[%emt 0:00:26] Strongly threatening Nd3. The position is equal.} Bf2 40. Nd3 Bg1 41. Nxc5+ Ke7 42. Kd5 Bxh2 {[%emt 0:00:14] ...g3 is the strong threat.} 43. Nd3 Bg1 {[%emt 0:09:15] And now ...Be3 would win.} 44. Ne1 Be3 45. Ng2 Bc1 46. a4 a5 47. Nh4 Kf7 48. Ng2 Ke7 49. Nh4 Kf7 50. Ng2 {[%emt 0:06:50] Weighted Error Value: White=0.39/Black=0.35} 1/2-1/2

[Event "VII Totalizator Sportowy 2022"]
[Site "Bydgoszcz"]
[Date "2022.06.27"]
[Round "3.3"]
[White "Tomczak, Jacek"]
[Black "Licznerski, Lukasz"]
[Result "1/2-1/2"]
[ECO "B14"]
[WhiteElo "2584"]
[BlackElo "2439"]
[Annotator "TA"]
[PlyCount "214"]
[EventDate "2022.06.25"]
[EventType "swiss"]
[EventCountry "POL"]
[SourceTitle "playchess.com"]
[Source "ChessBase"]
[SourceQuality "1"]
[TimeControl "40/5400+30:1800+30"]

1. e4 c6 2. d4 d5 3. exd5 cxd5 4. c4 Nf6 5. Nc3 g6 6. Qb3 Bg7 7. cxd5 O-O 8. Be2 Na6 9. Bf3 Qb6 10. Nge2 Qxb3 11. axb3 Nb4 12. O-O Rd8 13. Ra5 a6 14. Na4 b5 15. d6 Ra7 16. Bd2 Nbd5 17. dxe7 Rxe7 18. Nc5 Bg4 19. Nc3 Bxf3 20. gxf3 Nb4 21. Nxb5 axb5 22. Bxb4 Nd5 23. Nd3 Nxb4 24. Nxb4 Re2 25. Nc6 Rd6 26. Ra8+ Bf8 27. Rc1 Kg7 28. Rd8 Rxd8 29. Nxd8 Be7 30. Nc6 Bh4 31. Ne5 ({White should try} 31. Rc5 $11) 31... Rxb2 $15 32. Nd3 Rxb3 33. Rd1 Bf6 34. d5 Be7 35. Kf1 Bd6 36. Ke2 b4 (36... Bxh2 $2 37. f4 $18) 37. Rc1 Rc3 (37... Bxh2 38. f4 Ra3 39. d6 $11) 38. Rb1 (38. Rxc3 $11 bxc3 39. f4) 38... Rc4 $17 (38... Bxh2 39. f4 $11) 39. Ke3 g5 40. h3 Kf6 41. Ra1 Bf4+ 42. Ke2 Rc2+ 43. Kf1 Bd6 44. Ra6 Ke7 45. Ra7+ ({But not} 45. Rb6 Kd7 46. Ke1 Kc7 $17) 45... Kd8 46. Rxf7 Rd2 47. Nxb4 $1 Bxb4 48. Rxh7 Be7 ({Inferior is} 48... Rxd5 49. h4 $17) 49. Rh6 Rxd5 50. Re6 $1 Ke8 51. Re4 Rf5 52. Kg2 Kf7 53. Rg4 Bf6 54. Kg3 Ke6 55. Kg2 Be7 56. Re4+ Kf7 57. Rg4 $1 Bd8 58. Rd4 Bf6 59. Rg4 Be7 60. Re4 Bc5 61. h4 gxh4 62. Rxh4 Rd5 63. Rc4 Ke6 64. Kf1 Kf5 65. Ke2 Bd6 66. Rc8 Ra5 67. Kd3 Kf4 68. Rd8 Be7 69. Rd7 Re5 ({Of course not} 69... Kxf3 70. Rxe7 Kxf2 71. Kd4 $11) 70. Kc4 Kxf3 (70... Re1 $15 {is more appropriate.} 71. Rd4+ Kg5 72. f4+ Kf6) 71. Rd3+ $11 Kxf2 72. Rd5 Re6 73. Kd3 Re3+ 74. Kc4 Ke2 75. Rf5 Ba3 76. Rh5 Rg3 77. Re5+ Kd2 78. Rd5+ Kc2 79. Rd4 Rg8 80. Rh4 Rc8+ 81. Kd5 Kb3 82. Rh3+ Kb4 83. Rh2 Rd8+ 84. Ke4 Kb5 85. Rc2 Bc5 86. Rg2 Kc6 87. Rg6+ Bd6 88. Rg5 Ra8 89. Rd5 Rh8 90. Rg5 Rh4+ 91. Kd3 Bc5 92. Rg6+ Kb5 93. Rg8 Rd4+ 94. Ke2 Kc4 95. Kf3 Kd3 96. Rg1 Kd2 97. Rg2+ Kc3 98. Rg5 Bd6 99. Rg1 Kd2 100. Rg4 Rd5 101. Ke4 Ra5 102. Rg6 Ra4+ 103. Kd5 Bf4 104. Rb6 Kc3 105. Rb7 Rd4+ 106. Ke6 Kd3 107. Rd7 Rxd7 1/2-1/2

[Event "VII Totalizator Sportowy 2022"]
[Site "Bydgoszcz"]
[Date "2022.06.27"]
[Round "3.4"]
[White "Fiedorek, Michal"]
[Black "Gumularz, Szymon"]
[Result "1/2-1/2"]
[ECO "C80"]
[WhiteElo "2315"]
[BlackElo "2513"]
[Annotator "TA"]
[PlyCount "41"]
[EventDate "2022.06.25"]
[EventType "swiss"]
[EventCountry "POL"]
[SourceTitle "playchess.com"]
[Source "ChessBase"]
[SourceQuality "1"]
[TimeControl "40/5400+30:1800+30"]

1. e4 e5 2. Nf3 Nc6 3. Bb5 a6 4. Ba4 Nf6 5. O-O Nxe4 6. d4 Be7 7. Qe2 b5 $1 {[%emt 0:02:24] The position is equal. seems to push 7...f5 aside. C84: Closed Ruy Lopez: Unusual White 6th moves.} 8. Bb3 d5 9. dxe5 {[%emt 0:00:20] Black must now prevent Rd1.} Na5 10. Rd1 Bb7 11. Nbd2 {[%emt 0:02:55] [#] aiming for Nxe4.} Nxb3 12. axb3 {[%emt 0:00:42] Strongly threatening Nxe4.} Qc8 13. c4 (13. c3 $5 ) 13... Nxd2 14. Bxd2 dxc4 {[%emt 0:09:19] [#] A balanced but interesting game.  Weighted Error Value: White=0.10 (very precise) /Black=0.03 (flawless)} {Predecessor:} 15. bxc4 $146 b4 16. Ra5 c5 17. e6 fxe6 18. Bg5 Bxf3 19. Qxf3 Ra7 20. Bxe7 Rxe7 21. Rd6 {½-½ (41) Loeffler,M (2266)-Basso,P (2600) Cannes 2022} 1/2-1/2

[Event "VII Totalizator Sportowy 2022"]
[Site "Bydgoszcz"]
[Date "2022.06.27"]
[Round "3.5"]
[White "Czarnota, Pawel"]
[Black "Rudzinska, Michalina"]
[Result "1-0"]
[ECO "B15"]
[WhiteElo "2502"]
[BlackElo "2236"]
[Annotator "TA"]
[PlyCount "55"]
[EventDate "2022.06.25"]
[EventType "swiss"]
[EventCountry "POL"]
[SourceTitle "playchess.com"]
[Source "ChessBase"]
[SourceQuality "1"]
[TimeControl "40/5400+30:1800+30"]

1. e4 {[%emt 0:00:05] Duda,Jan Krzysztof} c6 2. d4 d5 3. Nc3 dxe4 4. Nxe4 Nf6 5. Nxf6+ exf6 6. c3 Bd6 7. Bd3 O-O 8. Qc2 {[%emt 0:00:10] Active counter play!} Re8+ {[%emt 0:00:08] B15: Caro-Kann: 3 Nc3: 3...g6 and 3...dxe4 4 Nxe4 Nf6 5 Nxf6+ exf6.} 9. Ne2 (9. Be3 $5 ) 9... h5 ({Black should play} 9... f5 $11) 10. Be3 (10. O-O $14) 10... Nd7 $11 {[%emt 0:00:14] The position is equal.} 11. O-O-O b5 12. d5 c5 13. Bxb5 Rb8 14. c4 {[%emt 0:01:17][%cal Bc3c4,Bc4b5][%mdl 32] [#]} g6 $146 {[%emt 0:01:03] [#]} (14... Re7 $14) ({Predecessor:} 14... a6 15. Ba4 Re7 16. Ng3 Ne5 17. Ne4 Reb7 18. b3 Rb4 19. Bd2 Rxa4 20. bxa4 Bf5 {1-0 (63) Duda,J (2757)-Carlsen,M (2863) Stavanger 2020 CBM 199 [Duda,Jan Krzysztof]}) 15. h3 (15. Rhe1 $1 $16) 15... Rxb5 16. cxb5 $16 Ne5 (16... Nb6 $16) 17. Qa4 ({Worse is} 17. Bxc5 Bf5 18. Qc3 Bxc5 $17) (17. Ng3 $18) 17... Bf5 18. Nc3 Qd7 19. b6 {[%emt 0:25:27] Threatens to win with Qxd7.} axb6 20. Qxd7 Bxd7 {[%emt 0:01:24] A strong pair of Bishops.} 21. Ne4 Nd3+ (21... Be7 {was necessary.} 22. b3 f5) 22. Rxd3 $18 Rxe4 23. Ra3 b5 (23... Re8 $142 24. Re1 Rb8) 24. Ra8+ Kg7 $2 (24... Re8) 25. Rd8 {[%emt 0:02:04] White is clearly winning.} Re7 26. Re1 b4 {[%emt 0:09:29] [#]} 27. Bh6+ $1 Kxh6 28. Rxe7 {[%emt 0:00:04] Weighted Error Value: White=0.14 (very precise) /Black=0.57} 1-0

[Event "VII Totalizator Sportowy 2022"]
[Site "Bydgoszcz"]
[Date "2022.06.27"]
[Round "3.6"]
[White "Jarmula, Lukasz"]
[Black "Jarocka, Liwia"]
[Result "1-0"]
[ECO "A45"]
[WhiteElo "2459"]
[BlackElo "2006"]
[Annotator "TA"]
[PlyCount "133"]
[EventDate "2022.06.25"]
[EventType "swiss"]
[EventCountry "POL"]
[SourceTitle "playchess.com"]
[Source "ChessBase"]
[SourceQuality "1"]
[TimeControl "40/5400+30:1800+30"]

1. d4 Nf6 2. Bf4 e6 3. e3 d5 4. Nf3 Bd6 5. Ne5 O-O 6. Nd2 c5 7. c3 {[%emt 0:00:14] D02: 1 d4 d5 2 Nf3 sidelines, including 2...Nf6 3 g3 and 2...Nf6 3 Bf4.} Qc7 {[%emt 0:01:45] seems to push 7...Nc6 aside.} 8. Bd3 b6 9. h4 {[%emt 0:04:02][%cal Bh2h4,Bh4h5,Bh5h6][%mdl 32] The position is equal.} Ba6 10. Bxa6 Nxa6 11. h5 Nd7 12. h6 {[%emt 0:03:53] hxg7 is the strong threat.} g6 {[%emt 0:01:12][%cal Rd7e5] [#]} 13. Ndf3 $146 {[%emt 0:00:40][%mdl 2048] White has counterplay} ({Predecessor:} 13. Nxd7 Qxd7 14. Bxd6 Qxd6 15. Qe2 Nb8 16. Rd1 cxd4 17. exd4 Nc6 18. Nf3 f6 19. O-O {½-½ (34) Demchenko,A (2655)-So,W (2767) Khanty-Mansiysk 2019}) 13... Nxe5 14. Bxe5 f6 15. Bxd6 Qxd6 16. Qe2 Nc7 17. O-O Rae8 18. Rfd1 e5 19. dxc5 bxc5 20. e4 d4 21. b4 Qa6 22. Qxa6 Nxa6 23. b5 (23. bxc5 $5 dxc3 24. Rac1 $14) 23... Nc7 24. c4 Rc8 25. Rd3 Ne8 26. Ra3 Rf7 27. Ra6 Rd7 28. Nd2 Kf7 29. a4 Nd6 30. Ra3 g5 31. g4 Kg6 32. Rh3 Ne8 33. Kf1 {[%emt 0:01:29] White is more active.} d3 $2 (33... Rcc7 $14) 34. Ke1 $1 $18 Rcc7 35. Nb3 {[%emt 0:04:15] Inhibits Rd4.} Nd6 $2 (35... d2+ $16 36. Nxd2 Rd4) 36. Rxd3 Nxc4 37. Rxd7 Rxd7 38. Nxc5 {[%emt 0:00:09][%mdl 4096] Endgame KRN-KRN} Rf7 39. Ne6 Kxh6 40. Nd8 Rd7 41. Nc6 Nb2 42. Rxa7 Rxa7 43. Nxa7 Nxa4 {[%emt 0:00:04] KN-KN} 44. Kd2 {[%emt 0:01:18] Strongly threatening Nc8.} Kg6 45. Kd3 $2 (45. Nc8 $1 $18) 45... h5 $2 (45... Nb6 $14) 46. gxh5+ Kxh5 47. Nc8 $1 g4 48. Kc4 f5 49. exf5 {[%emt 0:03:18] aiming for Nd6.} Kg5 {[%emt 0:00:12] [#]} 50. Nd6 $1 {[%emt 0:02:40] Threatening mate with Kb4.} ({Less strong is} 50. Kb4 g3 51. fxg3 e4 $18) 50... Kf6 51. Kb4 {[%emt 0:02:56] White mates.} Nb6 52. Kc5 Na4+ 53. Kc6 Kg5 54. Ne4+ Kxf5 55. Nc5 e4 56. Nxa4 e3 57. fxe3 {[%emt 0:00:29] KN-KP} g3 58. Nc3 g2 59. Ne2 Ke4 60. b6 Kxe3 61. Ng1 Kf2 62. b7 Kxg1 63. b8=Q Kf2 64. Qf4+ Ke1 65. Qg3+ Kf1 {[%emt 0:00:03] [#]} 66. Qf3+ $1 Kg1 67. Kd5 {[%emt 0:00:12] Weighted Error Value: White=0.17 (very precise) /Black=0.36} 1-0

[Event "VII Totalizator Sportowy 2022"]
[Site "Bydgoszcz"]
[Date "2022.06.27"]
[Round "3.7"]
[White "Dubnevych, Maksym"]
[Black "Maksimenko, Andrei"]
[Result "0-1"]
[ECO "B90"]
[WhiteElo "2048"]
[BlackElo "2434"]
[Annotator "TA"]
[PlyCount "158"]
[EventDate "2022.06.25"]
[EventType "swiss"]
[EventCountry "POL"]
[SourceTitle "playchess.com"]
[Source "ChessBase"]
[SourceQuality "1"]
[TimeControl "40/5400+30:1800+30"]

1. e4 c5 2. Nf3 d6 3. d4 cxd4 4. Nxd4 Nf6 5. Nc3 a6 6. Bd3 Nbd7 7. f4 g6 {[%emt 0:01:45] B93: Sicilian Najdorf: 6 f4.} 8. Qf3 Bg7 9. Be3 e5 {[%emt 0:05:56] [#] The position is equal.} 10. Nb3 $146 ({Predecessor:} 10. Nde2 b5 11. O-O O-O 12. f5 Bb7 13. g4 b4 14. g5 bxc3 15. gxf6 Nxf6 16. Nxc3 {0-1 (40) Leszko,B (2321)-Nagy,G (2495) Budapest 2021}) 10... exf4 11. Qxf4 Ne5 12. h3 b5 13. a3 O-O 14. O-O Be6 15. Nd4 Nfd7 16. Qg3 Re8 17. Rad1 Qc7 18. Nf5 Bf8 (18... gxf5 19. exf5 Kh8 20. fxe6 fxe6 21. Ne4 $16) 19. Bd4 Nc6 20. Bf2 Nce5 21. Bd4 Nc6 22. Bf2 Nde5 (22... Nce5 $11) 23. Ne3 Ne7 24. Ned5 Bxd5 25. Nxd5 Nxd5 26. exd5 Bg7 27. c3 Re7 28. Be3 h6 29. Kh1 Kh7 30. Qh4 Nc4 (30... Nxd3 $17 31. Rxd3 Rae8) 31. Bc1 Nb6 32. Qf2 Rae8 33. Qf3 Nd7 34. Bf4 Be5 35. Bc1 Qb7 (35... Nc5 $11) 36. h4 ({White should play} 36. Qh5 $1 $14 Kg8 37. Qxh6 (37. Bxg6 fxg6 38. Qxg6+ Bg7 $15)) 36... Bg7 $11 37. Bf4 Be5 (37... Ne5 $11 {keeps the balance.} 38. Bxe5 dxe5) 38. Bc1 {[%emt 0:00:05] A strong pair of Bishops.} (38. h5 $16 {hxg6+ is the strong threat.} Bxf4 39. Qxf4 (39. hxg6+ fxg6 40. Qxf4 Ne5 $11)) 38... Bg7 39. Bf4 Qb6 (39... Ne5 $11 40. Bxe5 dxe5) 40. g3 $2 ({Only move:} 40. h5 $1 $16 {[%cal Rh5g6] aiming for hxg6+.} Nf6 41. Bg3) 40... Kg8 $15 41. Kg2 Qc7 42. Bc2 Ne5 ({Much worse is} 42... Re2+ $6 43. Rf2 Rxf2+ 44. Qxf2 $15) 43. Bxe5 Rxe5 44. Rf2 Qa7 45. Rdd2 Qe7 (45... Re1 {feels hotter.} 46. Rfe2 R8xe2+ 47. Rxe2 Qg1+) 46. Bd3 Re3 47. Rfe2 ({White should try} 47. Qxe3 $15 Qxe3 48. Rfe2) 47... Rxf3 $17 48. Rxe7 Rxg3+ $1 ({But not} 48... Rxe7 $6 49. Kxf3 Re1 50. Re2 Rf1+ 51. Rf2 $11 (51. Kg2 Rd1 $11)) 49. Kxg3 Rxe7 50. Re2 {[%emt 0:00:04] Inhibits Re3+.} Rxe2 51. Bxe2 {[%emt 0:00:02][%mdl 4096] Endgame KB-KB} h5 52. a4 bxa4 53. Bxa6 Be5+ (53... Bh6 $1 $17 54. Bb5 Bc1 55. Bxa4 Bxb2) 54. Kh3 (54. Kf3 $15) 54... Bf4 $1 $19 55. Bb5 Bc1 56. Bxa4 Bxb2 57. c4 Bc3 $1 58. Bd7 Kf8 59. Ba4 Ke7 (59... f6 $19 60. Bb3 Kg7) 60. Kg3 (60. Kg2 $17 {was called for.}) 60... Be1+ 61. Kh3 Bb4 ({Better is} 61... f6 $19 {And now ...g5 would win.} 62. Bd1 Kf8) 62. Kg3 Be1+ (62... f6 $17 {Threatens to win with ...Be1+.} 63. Kf2 Bc3) 63. Kh3 {[%emt 0:00:03] Black converts the advantage convincingly.} Bf2 64. Bb5 $2 {[%emt 0:00:05] [#]} (64. Bc2) 64... f6 $1 65. Ba4 {[%emt 0:03:16] [#]} g5 $1 66. hxg5 fxg5 {[%emt 0:00:01] ( -> ...g4+)} 67. Bd1 g4+ 68. Kg2 Be1 (68... Be3 $142 69. Kf1 Kf6 70. Ke2 Bd4 71. Kd3 Bc5 72. Ke2 h4 73. Kf1 Kg5 74. Kg2 Bd4 75. Kh2 Be5+ 76. Kh1 h3 77. Be2 g3 78. Bf1 Kh4 79. Kg1 Bf6 80. Kh1 Bd4 81. c5 dxc5 82. d6 c4 83. d7 Bb6 84. d8=R Bxd8 85. Bg2 c3 86. Bxh3 Kxh3 87. Kg1 c2 88. Kf1 c1=Q+ 89. Ke2 Qc4+ 90. Kd1 g2 91. Ke1 g1=Q+ 92. Kd2 Bg5#) 69. Ba4 Kf6 (69... Bb4 $142 70. Kg3 Kf6 71. Kf4 Bd2+ 72. Kg3 Kg5 73. Kf2 h4 74. Bc2 h3 75. Bd3 Kf4 76. Bf1 g3+ 77. Kg1 g2 78. Bxg2 hxg2 79. Kf2 Ke4 80. Kxg2 Kd4 81. Kh3 Kxc4 82. Kh4 Kxd5 83. Kg3 Kc4 84. Kg4 d5 85. Kf3 d4 86. Ke2 Bb4 87. Kd1 d3 88. Kc1 Kc3 89. Kd1 d2 90. Ke2 Bc5 91. Kf3 d1=Q+ 92. Ke4 Qh5 93. Kf4 Qg6 94. Ke5 Kd3 95. Kf4 Bd6+ 96. Kf3 Qg3#) 70. Kf1 Bb4 {[%emt 0:00:15] Black mates.} 71. Kf2 Bc5+ 72. Kg3 Kg5 73. Bd1 h4+ 74. Kh2 Bd4 75. Be2 Be5+ 76. Kg2 h3+ 77. Kh1 g3 78. c5 g2+ 79. Kg1 Bd4+ {[%emt 0:00:11] Weighted Error Value: White=0.27 (precise) /Black=0.15 (very precise)} 0-1

[Event "VII Totalizator Sportowy 2022"]
[Site "Bydgoszcz"]
[Date "2022.06.27"]
[Round "3.8"]
[White "Hnydiuk, Aleksander"]
[Black "Kacprzak, Kacper"]
[Result "1/2-1/2"]
[ECO "E19"]
[WhiteElo "2394"]
[BlackElo "2238"]
[Annotator "TA"]
[PlyCount "48"]
[EventDate "2022.06.25"]
[EventType "swiss"]
[EventCountry "POL"]
[SourceTitle "playchess.com"]
[Source "ChessBase"]
[SourceQuality "1"]
[TimeControl "40/5400+30:1800+30"]

1. Nf3 Nf6 2. c4 e6 3. g3 a6 4. Bg2 b5 5. b3 Bb7 6. Nc3 b4 7. Na4 Be7 8. O-O O-O 9. d4 d6 10. Ne1 {[%emt 0:13:40][%cal Bf3e1,Be1c2,Bc2d4,Bd4f5][%mdl 32] A13: English Opening: 1...e6.} Bxg2 {[%emt 0:00:40] [#]} 11. Kxg2 $146 ({Predecessor:} 11. Nxg2 Nbd7 12. f3 Nb6 13. Nxb6 cxb6 14. e4 b5 15. a3 bxa3 16. Bxa3 Qc7 17. Ne3 Rfb8 18. Qd3 Qb7 19. Rfd1 Bf8 20. Ra2 a5 21. Rda1 a4 22. Bb2 axb3 {½-½ (22) Schlosser,P (2501)-Speelman,J (2493) Dresden 2018}) 11... Qc8 12. f3 {[%emt 0:03:34] White is slightly better.} Nfd7 13. e4 e5 14. Nc2 exd4 15. Nxd4 Bf6 16. Bb2 Re8 17. Qd2 a5 18. Nf5 {[%emt 0:24:12][%cal Oc4c5] aiming for c5!} Qd8 19. Rad1 Na6 $1 {[%emt 0:02:08] Inhibits c5. The position is equal.} 20. Rfe1 Bxb2 21. Qxb2 {[%emt 0:01:04][%csl Gf5][%cal Rb2g7] [#]} Qf6 22. Qxf6 Nxf6 23. c5 g6 24. Ne3 Nxc5 {[%emt 0:04:26] Weighted Error Value: White=0.08 (flawless) /Black=0.04 (flawless)} 1/2-1/2

[Event "VII Totalizator Sportowy 2022"]
[Site "Bydgoszcz"]
[Date "2022.06.27"]
[Round "3.9"]
[White "Kacprzak, Karol"]
[Black "Sieciechowicz, Marcin"]
[Result "0-1"]
[ECO "B97"]
[WhiteElo "2200"]
[BlackElo "2388"]
[Annotator "TA"]
[PlyCount "78"]
[EventDate "2022.06.25"]
[EventType "swiss"]
[EventCountry "POL"]
[SourceTitle "playchess.com"]
[Source "ChessBase"]
[SourceQuality "1"]
[TimeControl "40/5400+30:1800+30"]

1. e4 c5 2. Nf3 d6 3. d4 cxd4 4. Nxd4 Nf6 5. Nc3 a6 6. Bg5 e6 7. f4 Qb6 8. Qd2 Nc6 9. Bxf6 gxf6 10. Nb3 Bd7 11. O-O-O O-O-O {[%emt 0:01:24] B60: Sicilian: Richter-Rauzer: Unusual Black 6th moves and 6...Bd7 without 7 Qd2.} 12. g3 Kb8 13. Bh3 h5 {[%emt 0:02:01] The position is equal.} 14. Kb1 h4 {[%emt 0:07:02] [#]} 15. Ne2 $146 ({Predecessor:} 15. f5 hxg3 16. hxg3 Ne5 17. fxe6 fxe6 18. Ne2 Nf7 19. Nf4 Ng5 20. Bg2 Rxh1 21. Rxh1 {½-½ (42) Lobanov,S (2522)-Demchenko,A (2626) Sochi 2020}) 15... Rc8 16. f5 Ne5 17. fxe6 fxe6 18. Nf4 Nf3 19. Qd3 (19. Qe2 $15 Ng5 20. Bg4) 19... Ng5 $1 $17 {[%emt 0:00:40] Black is more active.} ({Don't take} 19... Ne5 20. Qe2 $14) 20. Bg4 hxg3 21. hxg3 Rxh1 22. Rxh1 {[%emt 0:00:02] [#]} Bc6 $1 23. Nd2 (23. Qd4 $17 {was called for.} Qxd4 24. Nxd4) 23... f5 $1 $19 24. Bf3 (24. Nxe6 {keeps fighting.} Nxe6 25. Bxf5) 24... fxe4 25. Bxe4 Nxe4 26. Nxe4 Bg7 $40 {[%emt 0:02:20][%mdl 128] Black has strong attack.} (26... Qb4 $142 27. c4 Bg7 28. Qxd6+ Qxd6 29. Nxd6 Bxh1 30. Nxc8 Kxc8 31. Nxe6 Be5) 27. b3 $2 {[%emt 0:01:23] [#]} (27. c3 {was forced.}) 27... Qb4 $1 28. Qxd6+ Qxd6 29. Nxd6 Bxh1 {[%emt 0:00:15] A strong pair of Bishops.} 30. Nxc8 Kxc8 31. Nxe6 Be5 32. g4 b6 {[%emt 0:01:32] aiming for ...Kd7.} 33. Ng5 Bg2 34. Nf7 (34. Nh7 $142) 34... Bf4 35. g5 Kd7 {[%emt 0:00:53] Hoping for ...Ke6.} 36. Nh6 Bh3 37. Nf7 Be6 38. Nh8 Bxg5 39. Ng6 Kd6 {[%emt 0:00:08] White did not feel at home in the position after the opening.  Weighted Error Value: White=1.25/Black=0.19 (very precise)} 0-1